 Dungeon Crawl Stone Soup version 0.30.1-9-gdf580d7c3d (webtiles) character file.

Game seed: 2930359008904093346

40198 booth the Grappler (level 12, -2/119 HPs)
             Began as a Troll Gladiator on Oct 22, 2023.
             Was the Champion of Ru.
             Slain by a death yak (21 damage)
             ... on level 5 of the Lair of Beasts on Oct 23, 2023.
             The game lasted 01:54:13 (17112 turns).

booth the Grappler (Troll Gladiator)               Turns: 17112, Time: 01:54:14

Health: -2/119     AC: 10    Str: 37    XL:     12   Next: 73%
Magic:  11/11      EV: 14    Int:  6    God:    Ru [******]
Gold:   628        SH:  0    Dex: 13    Spells: 11/11 levels left

rFire   + .          .
                       - Unarmed
rCold   x . .        (no shield)
rNeg    . . .        J - +2 robe "Raon" {rElec Str+7 Dex-4 Archmagi}
rPois   .            b - +1 hat
rElec   +            r - +2 cloak
rCorr   +            (gloves unavailable)
SInv    .            (boots unavailable)
Will    .....        (no amulet)
Stlth   +            j - +5 ring of evasion
HPRegen 1.19/turn    i - ring "Acaseuh" {rF+ rC- rCorr Str+3 Dex+6}
MPRegen 0.12/turn

%: archmagi
@: studying Throwing
A: large, unfitting armour, claws 3, regeneration 1, shaggy fur 1, tough skin 1,
inability to train dodging, inability to train armour, unskilled 1,
inexperienced 1
a: Renounce Religion, Draw Out Power, Power Leap, Apocalypse


You were on level 5 of the Lair of Beasts.
You worshipped Ru.
Ru was exalted by your worship.
You visited 3 branches of the dungeon, and saw 17 of its levels.

You collected 1251 gold pieces.
You spent 623 gold pieces at shops.

Inventory:

Hand Weapons
 w - a +3 giant club of freezing
 L - a +0 morningstar of holy wrath
Missiles
 n - 107 stones
 o - 34 poisoned darts (quivered)
 x - 4 curare-tipped darts
 A - 3 large rocks
 N - 6 javelins
Armour
 b - a +1 hat (worn)
 r - a +2 cloak (worn)
 v - the +1 robe "Ocavvol" {Stlth+}
   (You bought it in a shop on level 6 of the Dungeon)

   Stlth:     It makes you more stealthy.
 J - the +2 robe "Raon" (worn) {rElec Str+7 Dex-4 Archmagi}
   (You acquired it on level 2 of the Lair of Beasts)

   Str:       It affects your strength (+7).
   Dex:       It affects your dexterity (-4).
   rElec:     It insulates you from electricity.
   Archmagi:  It increases the power of your magical spells.
Jewellery
 i - the ring "Acaseuh" (right claw) {rF+ rC- rCorr Str+3 Dex+6}
   (You found it on level 4 of the Dungeon)

   [ring of dexterity]

   Str:       It affects your strength (+3).
   Dex:       It affects your dexterity (+6).
   rF:        It protects you from fire.
   rC:        It makes you vulnerable to cold.
   rCorr:     It protects you from acid and corrosion.
 j - a +5 ring of evasion (left claw)
 l - a ring of flight
 m - a ring of ice
 C - a ring of protection from fire
 O - a ring of protection from fire
 P - a +6 ring of intelligence
 Q - an amulet of regeneration
Wands
 a - a wand of iceblast (12)
 y - a wand of charming (25)
 D - a wand of flame (57)
Scrolls
 d - 4 scrolls of magic mapping
 f - 2 scrolls of identify
 h - 6 scrolls of fear
 p - 6 scrolls of vulnerability
 q - 2 scrolls of silence
 s - 10 scrolls of teleportation
 t - 3 scrolls of blinking
 u - 2 scrolls of poison
 E - 2 scrolls of amnesia
 G - a scroll of fog
 H - a scroll of brand weapon
Potions
 c - 4 potions of curing
 e - 5 potions of attraction
 g - 3 potions of mutation
 k - 3 potions of brilliance
 z - a potion of might
 B - 3 potions of haste
 I - a potion of berserk rage
 K - a potion of lignification
 M - 2 potions of magic


   Skills:
 + Level 8.1 Fighting
 + Level 7.0 Maces & Flails
 + Level 12.3 Throwing
 * Level 13.5 Unarmed Combat


You had 11 spell levels left.
You didn't know any spells.
Your spell library contained the following spells:

 Spells                   Type           Power      Damage    Failure   Level
 Apportation              Tloc           0%         N/A       45%         1
 Foxfire                  Conj/Fire      0%         2x1d4     45%         1
 Magic Dart               Conj           0%         1d3       45%         1
 Necrotise                Necr           0%         1d4       45%         1
 Summon Small Mammal      Summ           0%         N/A       45%         1
 Call Imp                 Summ           0%         N/A       58%         2
 Ensorcelled Hibernation  Hex/Ice        0%         N/A       58%         2
 Poisonous Vapours        Pois/Air       0%         N/A       58%         2
 Gell's Gravitas          Tloc           0%         N/A       83%         3
 Inner Flame              Hex/Fire       0%         N/A       83%         3
 Mephitic Cloud           Conj/Pois/Air  0%         N/A       83%         3
 Spider Form              Tmut/Pois      0%         N/A       83%         3
 Teleport Other           Tloc           0%         N/A       83%         3
 Vampiric Draining        Necr           0%         2d6       83%         3
 Vhi's Electric Charge    Tloc/Air       0%         N/A       83%         3
 Anguish                  Hex/Necr       0%         N/A       99%         4
 Cause Fear               Hex            0%         N/A       99%         4
 Agony                    Necr           0%         N/A       100%        5
 Arcjolt                  Conj/Air       0%         1d10      100%        5
 Fireball                 Conj/Fire      0%         3d3       100%        5
 Freezing Cloud           Conj/Ice/Air   0%         6-21      100%        5
 Yara's Violent Unravell  Hex/Tmut       0%         3d3       100%        5
 Conjure Ball Lightning   Conj/Air       0%         3x3d6     100%        6
 Dispersal                Tloc           0%         N/A       100%        6
 Plasma Beam              Fire/Air       0%         2x1d11    100%        6
 Simulacrum               Ice/Necr       0%         N/A       100%        6
 Starburst                Conj/Fire      0%         6d3       100%        6
 Enfeeble                 Hex            0%         N/A       100%        7
 Ozocubu's Refrigeration  Ice            0%         4d7       100%        7
 Borgnjor's Revivificati  Necr           0%         N/A       100%        8
 Discord                  Hex            0%         N/A       100%        8
 Disjunction              Tloc           0%         N/A       100%        8
 Maxwell's Capacitive Co  Air            0%         ∞         100%        8
 Necromutation            Tmut/Necr      0%         N/A       100%        8
 Death's Door             Necr           0%         N/A       100%        9
 Polar Vortex             Ice            0%         N/A       100%        9


Dungeon Overview and Level Annotations

Branches:
Dungeon (11/15)            Temple (1/1) D:4            Lair (5/5) D:11
 Shoals (0/4) Lair:2        Snake (0/4) Lair:2        Slime (0/5) Lair:4
    Orc (0/2) D:11

Altars:
Ashenzari
Cheibriados
Dithmenos
Elyvilon
Fedhas
Gozag
Hepliaklqana
Kikubaaqudgha
Makhleb
Nemelex Xobeh
Okawaru
Qazlal
Ru
Sif Muna
Trog
Uskayaw
Vehumet
Wu Jian
Xom
Yredelemnul
Zin
The Shining One

Shops:
D:6 *[   D:10 !   D:11 (

Annotations:
D:10 exclusion: ice statue


Innate Abilities, Weirdness & Mutations

You are too large for most types of armour.
You have claws for hands.
Your natural rate of healing is unusually fast.
You are covered in fur. (AC +1)
You have tough skin. (AC +1)
You cannot train Dodging skill.
You cannot train Armour skill.
You are somewhat unskilled. (-1 Apt)
You are somewhat inexperienced. (-1 XL)


Message History

The death yak is heavily wounded.
The death yak gores you!!
* * * LOW HITPOINT WARNING * * *
Throw: 36 darts (poison)
Press: ? - help, Q - select action, (/) - cycle Shift-Dir - straight line, f - death yak
Aim: a death yak (heavily wounded, poisoned, 83% to hit)
You throw a poisoned dart. The poisoned dart hits the death yak.
The death yak looks even sicker.
The death yak is heavily wounded.
You redirect the death yak's attack!
The death yak barely misses itself.
Throw: 35 darts (poison)
Press: ? - help, Q - select action, (/) - cycle Shift-Dir - straight line, f - death yak, p - death yak
Aim: a death yak (lightly wounded, 83% to hit)
You throw a poisoned dart. The poisoned dart hits the death yak!
The death yak is poisoned.
The death yak is lightly wounded.
You barely miss the death yak.
The death yak is heavily wounded.
The death yak gores you.
* * * LOW HITPOINT WARNING * * *
You focus your inner power and illuminate the death yak in retribution!
You redirect the death yak's attack!
The death yak gores the cane toad.
Okay, then.
As you read the scroll of fear, it crumbles to dust.
You assume a fearsome visage.
The death yak resists with some effort.
The death yak resists with almost no effort.
The cane toad looks frightened!
The death yak barely misses you.
The death yak is stunned by your conviction and fails to attack.
You mangle the death yak!!
The death yak is severely wounded.
The death yak gores you!!
* * * LOW HITPOINT WARNING * * *
You focus your inner power and illuminate the death yak in retribution!
The death yak misses you.
You feel much better. The death yak gores you!
* * * LOW HITPOINT WARNING * * *
The death yak gores you!!
You die...

......#...#....# .
#....#...##
....PP....###YY.#
##........###...#
##..#.#.........#
#...###......Y..#
#...###..#.#F..##
.P..##.#.###...###
........###.#..Y@#
.†.............Y##
#####....#...#.##
# #####.###### ###


You could see 2 death yaks and a cane toad (fleeing).

Vanquished Creatures
  2 hydras
  3 boulder beetles
  A catoblepas (Lair:1)
  3 two-headed ogres
  9 death yaks
  Urug (Lair:2)
  2 skysharks
  A manticore (D:7)
  A cyclops (D:10)
  3 black mambas
  2 gargoyles (D:7)
  7 komodo dragons
  A kobold demonologist (D:10)
  7 cane toads
  An unseen horror (D:7)
  2 trolls
  2 polar bears
  3 hornets
  21 blink frogs
  A shadow (D:10)
  A spriggan (Lair:4)
  50 yaks
  3 wraiths
  2 wyverns
  2 basilisks
  A steam dragon (D:8)
  3 vampire mosquitoes (D:10)
  Menkaure (D:4)
  An acid dragon (D:11)
  3 nagas
  16 water moccasins
  3 orc warriors
  A sky beast (D:7)
  5 black bears
  3 ogres
  3 wolves (Lair:4)
  7 centaurs
  A phantom (D:3)
  4 kobold brigands
  15 bullfrogs
  A gnoll sergeant (D:7)
  6 scorpions
  9 killer bees
  2 electric eels (Lair:1)
  5 howler monkeys
  4 hounds
  7 jellies
  8 orc priests
  3 iguanas
  9 orc wizards
  5 gnolls (D:7)
  5 adders
  A shadow imp (D:6)
  13 white imps
  2 ufetubi
  A worm (D:4)
  A dart slug (D:1)
  39 orcs
  8 endoplasms
  3 giant cockroaches
  8 goblins
  9 hobgoblins
  4 quokkas
  2 ball pythons (D:3)
  14 bats
  2 frilled lizards
  25 kobolds
  8 rats
  A butterfly (Lair:3)
403 creatures vanquished.

Vanquished Creatures (collateral kills)
  A centaur (D:10)
1 creature vanquished.

Vanquished Creatures (others)
  A yak (D:11)
  3 centaurs (D:10)
4 creatures vanquished.

Grand Total: 408 creatures vanquished

Notes
Turn   | Place    | Note
-------+----------+-------------------------------------------
     0 | D:1      | booth the Troll Gladiator began the quest for the Orb.
     0 | D:1      | Reached XP level 1. HP: 19/19 MP: 0/0
   180 | D:1      | Reached XP level 2. HP: 28/28 MP: 1/1
  1103 | D:2      | Reached XP level 3. HP: 35/35 MP: 2/2
  1611 | D:3      | Reached XP level 4. HP: 42/42 MP: 3/3
  1747 | D:3      | Noticed a phantom
  1775 | D:3      | Killed a phantom
  1776 | D:3      | Reached skill level 4 in Unarmed Combat
  1776 | D:3      | Reached XP level 5. HP: 50/50 MP: 4/4
  2112 | D:4      | Noticed an ogre
  2150 | D:4      | Killed an ogre
  2151 | D:4      | Reached XP level 6. HP: 59/59 MP: 5/5
  2182 | D:4      | Noticed Menkaure
  2195 | D:4      | Killed Menkaure
  2238 | D:4      | Reached skill level 5 in Unarmed Combat
  2288 | D:4      | Reached XP level 7. HP: 12/67 MP: 6/6
  2475 | D:4      | Found a staircase to the Ecumenical Temple.
  2489 | Temple   | Entered the Ecumenical Temple
  2784 | D:4      | Identified the ring "Acaseuh" {rF+ rC- rCorr Str+3 Dex+6}
  2879 | D:5      | Entered Level 5 of the Dungeon
  3093 | D:5      | Found a sacrificial altar of Ru.
  3398 | D:5      | Reached skill level 5 in Throwing
  3398 | D:5      | Reached skill level 6 in Unarmed Combat
  3693 | D:5      | Reached XP level 8. HP: 70/75 MP: 7/7
  4018 | D:6      | Found Zogirin's Armour Shop.
  4026 | D:6      | Bought the +1 robe "Ocavvol" {Stlth+} for 217 gold pieces
  4240 | D:6      | Found an iron altar of Okawaru.
  4290 | D:6      | Found a burning altar of Makhleb.
  4291 | D:6      | Found a blossoming altar of Fedhas.
  4291 | D:6      | Found a basalt altar of Yredelemnul.
  4294 | D:6      | Found a radiant altar of Vehumet.
  4295 | D:6      | Found a sparkling altar of Nemelex Xobeh.
  4295 | D:6      | Found a glowing golden altar of the Shining One.
  4296 | D:6      | Found a snail-covered altar of Cheibriados.
  4297 | D:6      | Found an ornate altar of the Wu Jian Council.
  4297 | D:6      | Found a hazy altar of Hepliaklqana.
  4298 | D:6      | Found a stormy altar of Qazlal.
  4411 | D:6      | Found an ancient bone altar of Kikubaaqudgha.
  4523 | D:6      | Noticed a troll
  4537 | D:6      | Killed a troll
  4538 | D:6      | Reached skill level 7 in Unarmed Combat
  4617 | D:6      | Found Eyin's Eclectic Emporium.
  4979 | D:5      | Became a worshipper of Ru the Awakened
  5106 | D:7      | Reached XP level 9. HP: 84/84 MP: 8/8
  5226 | D:7      | Noticed a komodo dragon
  5226 | D:7      | Noticed a manticore
  5226 | D:7      | Noticed a troll
  5226 | D:7      | Noticed a gargoyle
  5226 | D:7      | Noticed a boulder beetle
  5226 | D:7      | Noticed a gargoyle
  5246 | D:7      | Reached skill level 5 in Dodging
  5246 | D:7      | Reached skill level 8 in Unarmed Combat
  5926 | D:7      | Killed a boulder beetle
  5927 | D:7      | Reached skill level 5 in Fighting
  5931 | D:7      | Killed a gargoyle
  5932 | D:7      | Reached XP level 10. HP: 79/96 MP: 9/9
  5936 | D:7      | Killed a gargoyle
  5937 | D:7      | Reached skill level 9 in Unarmed Combat
  6019 | D:7      | Reached skill level 1 in Maces & Flails
  6023 | D:7      | Killed a manticore
  6284 | D:8      | Noticed a two-headed ogre
  6293 | D:8      | Killed a two-headed ogre
  6510 | D:8      | Gained mutation: You cannot train Armour skill. [Ru
                  | sacrifice]
  6510 | D:8      | Reached * piety under Ru
  6674 | D:8      | Reached skill level 10 in Unarmed Combat
  6776 | D:8      | Reached XP level 11. HP: 105/105 MP: 10/10
  7487 | D:9      | You fall into a shaft and drop 1 floor!
  7487 | D:10     | Entered Level 10 of the Dungeon
  7623 | D:9      | Found an opulent altar of Gozag.
  7655 | D:9      | Found an opulent altar of Gozag.
  7655 | D:9      | Found an opulent altar of Gozag.
  7668 | D:9      | Found an opulent altar of Gozag.
  8260 | D:9      | Identified a scroll of acquirement
  8260 | D:9      | Acquired a manual of Throwing
  8340 | D:9      | Gained mutation: You cannot train Dodging skill. [Ru
                  | sacrifice]
  8340 | D:9      | Reached ** piety under Ru
  8340 | D:9      | Reached *** piety under Ru
  8984 | D:10     | Found Iqugeoga's Distillery.
  8987 | D:10     | Bought a potion of curing for 39 gold pieces
  8987 | D:10     | Bought a potion of curing for 39 gold pieces
  8987 | D:10     | Bought a potion of heal wounds for 65 gold pieces
  8987 | D:10     | Bought a potion of curing for 39 gold pieces
  9207 | D:10     | Noticed a two-headed ogre
  9216 | D:10     | Killed a two-headed ogre
  9420 | D:10     | Reached skill level 11 in Unarmed Combat
  9425 | D:10     | Reached skill level 10 in Throwing
  9796 | D:10     | Noticed a two-headed ogre
  9804 | D:10     | Killed a two-headed ogre
 10135 | D:11     | Found a staircase to the Orcish Mines.
 10299 | D:6      | Bought a scroll of enchant armour for 112 gold pieces
 10299 | D:6      | Bought a scroll of enchant weapon for 112 gold pieces
 10728 | D:11     | Found a staircase to the Lair.
 10774 | D:11     | Reached XP level 12. HP: 21/118 MP: 11/11
 10899 | D:11     | Noticed a boulder beetle
 10913 | D:11     | Killed a boulder beetle
 10927 | D:11     | Noticed a boulder beetle
 10945 | D:11     | Killed a boulder beetle
 10946 | D:11     | Reached skill level 5 in Maces & Flails
 10946 | D:11     | Reached skill level 12 in Unarmed Combat
 11049 | D:11     | Found Qyeja's Weapon Boutique.
 11378 | D:11     | Gained mutation: You are somewhat inexperienced. (-1 XL)
                  | [Ru sacrifice]
 11378 | D:11     | Reached XP level 11. HP: 109/109 MP: 10/10
 11378 | D:11     | Reached **** piety under Ru
 11378 | D:11     | Reached ***** piety under Ru
 11493 | Lair:1   | Entered Level 1 of the Lair of Beasts
 12067 | Lair:1   | You fall into a shaft and drop 1 floor!
 12208 | Lair:2   | Acquired the +2 robe "Raon" {rElec Str+7 Dex-4 Archmagi}
 12223 | Lair:2   | Noticed a five-headed hydra
 12228 | Lair:2   | Killed a five-headed hydra
 12284 | Lair:2   | Found a dark tunnel.
 12332 | Lair:2   | Found a staircase to the Snake Pit.
 12459 | Lair:2   | Noticed Urug
 12466 | Lair:1   | Noticed a death yak
 12466 | Lair:1   | Noticed a death yak
 12466 | Lair:1   | Noticed a death yak
 12489 | Lair:1   | Killed a death yak
 12494 | Lair:1   | Killed a death yak
 12500 | Lair:1   | Killed a death yak
 12522 | Lair:1   | Reached skill level 13 in Unarmed Combat
 12571 | Lair:1   | Noticed a catoblepas
 12589 | Lair:1   | Killed a catoblepas
 13571 | Lair:2   | Gained mutation: You are somewhat unskilled. (-1 Apt) [Ru
                  | sacrifice]
 13571 | Lair:2   | Reduced skill Maces & Flails to level 5
 13571 | Lair:2   | Reduced skill Unarmed Combat to level 12
 13571 | Lair:2   | Reached ****** piety under Ru
 13688 | Lair:2   | Killed Urug
 13689 | Lair:2   | Reached XP level 12. HP: 60/118 MP: 11/11
 13979 | Lair:2   | Found a staircase to the Shoals.
 15230 | Lair:4   | Found a staircase to the Slime Pits.
 15491 | Lair:4   | Found a stormy altar of Qazlal.
 15652 | Lair:4   | HP: 5/118 [poisoned by a cane toad]
 16517 | Lair:5   | Entered Level 5 of the Lair of Beasts
 16604 | Lair:5   | Reached skill level 13 in Unarmed Combat
 17112 | Lair:5   | Slain by a death yak

Illustrated notes

Levels and vault maps discovered:
D:1:      minmay_arrival_loop, layout_loops_ring, minmay_quantized
D:2:      layout_basic
D:3:      layout_rooms
D:4:      layout_basic, minmay_temple_entry_statues_pillars,
          minmay_misc_feat_doors, uniq_menkaure
D:5:      layout_loops_ring, hangedman_ru_absence
D:6:      layout_loops_ring, nicolae_overflows_in_rows,
          mainiacjoe_overflow_catch_the_wave, serial_shops, shop,
          minmay_misc_feat_chi, nicolae_alphabet_shops
D:7:      minmay_the_grid_triangle_9x9_rhombus_thin
          [minmay_the_grid_triangle_9x9_windchime,
          minmay_the_grid_triangle_9x9_prize_top_heavy,
          minmay_the_grid_triangle_9x9_empty,
          minmay_the_grid_triangle_9x9_sparse_checkered], layout_loops_cross
D:8:      layout_basic
D:9:      old_forge, layout_gridville, nicolae_gozag_conspicuous_consumption
D:10:     lemuel_ice_statue, layout_long_grid, serial_shops,
          nicolae_shop_behind_doors, centaur_isle
D:11:     layout_gridville, david_lair_generic, david_orc_2, serial_shops, shop
Temple:   nicolae_temple_superstar
Lair:1:   layout_gridlike, serial_bayou_shore_a, serial_bayou_shore_b,
          grunt_megastairs_2
Lair:2:   layout_regular_city, minmay_shoals_entry_centaurs,
          nicolae_snake_entry_squirm, nicolae_volcano_entry_hallway, uniq_urug
Lair:3:   layout_chaotic_city, grunt_megastairs_5, lemuel_fruit_fields
Lair:4:   layout_gridlike, nicolae_slime_entry_slimehenge,
          portal_ice_cave_entry_imps, basic_altar, grunt_forest_stairs_clearing
Lair:5:   hangedman_lair_caniforms_friends, layout_regular_city,
          dreamdust_mushroom_princess

Skill      XL: |  1  2  3  4  5  6  7  8  9 10 11 12 |
---------------+-------------------------------------+-----
Throwing       | 2 3 4 5 6 7 9 11 12 | 12.3
Fighting       | 2 3 4 5 7 8 |  8.1
Unarmed Combat | 4 5 6 7 8 10 12 13 | 13.5
Dodging        | 3 4 5 6 0 |  0.0
Maces & Flails | 2 5 7 |  7.0

Action                     |  1- 3 |  4- 6 |  7- 9 | 10-12 || total
---------------------------+-------+-------+-------+-------++-------
  Melee: Unarmed           |   108 |    90 |   200 |   740 ||  1138
         Punch             |       |     1 |     5 |    42 ||    48
         Giant club        |       |       |       |     7 ||     7
  Throw: Boomerang         |     2 |     2 |   101 |    40 ||   145
         Dart              |       |     1 |       |   113 ||   114
         Large rock        |       |     1 |       |     5 ||     6
         Throwing net      |       |     2 |       |     2 ||     4
         Javelin           |       |       |       |     2 ||     2
 Invoke: Sacrifice Durabil |       |       |       |     1 ||     1
         Draw Out Power    |       |       |       |     1 ||     1
         Sacrifice Nimblen |       |       |       |     1 ||     1
         Sacrifice Experie |       |       |       |     1 ||     1
         Sacrifice Skill   |       |       |       |     1 ||     1
         Power Leap        |       |       |       |     1 ||     1
  Evoke: Wand              |       |       |       |     7 ||     7
    Use: Scroll            |     9 |     2 |     5 |    14 ||    30
         Potion            |     2 |     2 |     2 |    10 ||    16
   Stab: Sleeping          |     1 |       |     1 |     3 ||     5
         Invisible         |       |       |       |     5 ||     5
         Distracted        |       |       |       |     5 ||     5
         Paralysed         |       |       |       |     2 ||     2
 Armour: Robe              |    17 |    14 |    38 |   151 ||   220
  Dodge: Dodged            |    62 |    55 |   122 |   501 ||   740
